 Dungeon Crawl Stone Soup version 0.29-a0-207-gf982a884d8 (webtiles) character file.

Game seed: 6112026290721582734

79 cyrus the Covered (level 4, -1/39 (40) HPs)
             Began as a Hill Orc Fighter on Feb 23, 2022.
             Succumbed to Crazy Yiuf's poison
             ... on level 3 of the Dungeon on Feb 24, 2022.
             The game lasted 00:03:23 (2158 turns).

cyrus the Covered (Hill Orc Fighter)                Turns: 2158, Time: 00:03:24

HP:   -1/39 (40)    AC: 10    Str: 18    XL:     4   Next: 37%
MP:   4/4           EV:  9    Int: 10    God:
Gold: 129           SH:  4    Dex: 10    Spells: 3/3 levels left

rFire   . . .      SeeInvis .   a - +0 war axe
rCold   . . .      Faith    .   c - +0 buckler
rNeg    . . .      Spirit   .   b - +0 scale mail
rPois   .          Reflect  .   i - +1 helmet
rElec   .          Harm     .   (no cloak)
rCorr   .          Rampage  .   o - +0 pair of gloves
Will    .....                   (no boots)
Stlth   ..........              (no amulet)
HPRegen 0.13/turn               (no ring)
MPRegen 0.09/turn               (no ring)

@: mighty, lethally poisoned (-1 -> -22), lightly drained
A: no striking features
a: no special abilities


You were on level 3 of the Dungeon.
You visited 1 branch of the dungeon, and saw 3 of its levels.

You collected 129 gold pieces.

Inventory:

Hand Weapons
 a - a +0 war axe (weapon)
Armour
 b - a +0 scale mail (worn)
 c - a +0 buckler (worn)
 i - a +1 helmet (worn)
 o - a +0 pair of gloves (worn)
Jewellery
 n - an amulet of the acrobat
Scrolls
 h - a scroll of fear {unknown}
 j - 2 scrolls of identify {unknown}
 k - 2 scrolls of vulnerability {unknown}
 l - 2 scrolls of teleportation {unknown}
 m - 2 scrolls of immolation {unknown}
 r - a scroll of enchant weapon {unknown}
Potions
 e - a potion of ambrosia {unknown}
 f - a potion of heal wounds {unknown}
 g - 2 potions of degeneration {unknown}
 p - 2 potions of lignification {unknown}
 q - a potion of attraction {unknown}


   Skills:
 + Level 4.2 Fighting
 + Level 3.9 Axes
 + Level 4.2 Armour
 + Level 0.1 Dodging
 + Level 3.7 Shields


You had 3 spell levels left.
You didn't know any spells.
Your spell library contained the following spells:

 Spells                   Type           Power      Damage    Failure   Level
 Corpse Rot               Necr/Air       0%         N/A       92%         2
 Poisonous Vapours        Pois/Air       0%         N/A       92%         2


Dungeon Overview and Level Annotations

Branches:
Dungeon (3/15)

Altars:
Ru

Annotations:
D:3 Crazy Yiuf


Message History

You hit the ball python.
You kill the ball python!
There is an open door here.
Found a stone staircase leading up.
There is an open door here.
You see here a ball python corpse.
As you open the door, it creaks loudly!
There is an open door here.
You open the door.
There is an open door here.
There is an open door here.
You open the door.
There is an open door here.
You open the door.
There is an open door here.
There is an open door here.
You see here a +0 trident.
Crazy Yiuf shouts!
Could not explore, unopened runed door.
Could not explore, unopened runed door.
You open the door.
You feel very mighty all of a sudden.
Crazy Yiuf hits you with a +4 quarterstaff of chaos.
Crazy Yiuf freezes you.
You slash Crazy Yiuf!
Crazy Yiuf is heavily wounded.
Crazy Yiuf hits you with a +4 quarterstaff of chaos!
You are lethally poisoned!
You slash Crazy Yiuf!
Crazy Yiuf is almost dead.
You feel extremely sick.
Crazy Yiuf hits you with a +4 quarterstaff of chaos!
* * * LOW HITPOINT WARNING * * *
You feel drained.
* * * LOW HITPOINT WARNING * * *
Crazy Yiuf says, "Cards!
Liver fast Hive."
Crazy Yiuf barely misses you.
You barely miss Crazy Yiuf.
Crazy Yiuf is almost dead.
You die...

.#....##........##...#.#..#
.#....##...............####
......##............####
..###.###############
....#.# .#.)#.#
.+....####♣♣ ###
.#..#......♣♣ ♣♣#..)#
###.#.......♣♣♣♣@g...#
#...#......♣..♣#...#
#...##....♣.♣♣♣ ###
#....###♣♣♣♣♣ ##.>.#
###..##########
#....#........#
#.##...##..<#.#
#.####.#...##.#


You could see Crazy Yiuf.

Vanquished Creatures
  A hound (D:3)
  2 adders
  A dart slug (D:1)
  4 ball pythons
  2 endoplasms (D:1)
  2 giant cockroaches
  2 goblins (D:3)
  2 hobgoblins
  3 jackals (D:2)
  3 kobolds
  3 frilled lizards (D:2)
  3 rats
28 creatures vanquished.

Vanquished Creatures (others)
  2 fungi (D:1)
  4 plants (D:1)
6 creatures vanquished.

Grand Total: 34 creatures vanquished

Notes
Turn   | Place    | Note
-------+----------+-------------------------------------------
     0 | D:1      | cyrus the Hill Orc Fighter began the quest for the Orb.
     0 | D:1      | Reached XP level 1. HP: 19/19 MP: 1/1
   210 | D:1      | Reached XP level 2. HP: 17/27 MP: 2/2
   633 | D:1      | Found a faded altar of an unknown god.
   724 | D:1      | Prayed at the altar of an unknown god.
   724 | D:1      | Became a worshipper of Ru the Awakened
   730 | D:1      | Fell from the grace of Ru
  1145 | D:2      | Reached XP level 3. HP: 33/33 MP: 3/3
  1688 | D:3      | Reached XP level 4. HP: 36/40 MP: 4/4
  1792 | D:3      | Found a runed translucent door.
  1793 | D:3      | Noticed Crazy Yiuf
  2158 | D:3      | Succumbed to Crazy Yiuf's poison

Illustrated notes

Levels and vault maps discovered:
D:1:      dpeg_arrival_rooms_c, layout_rooms,
          shapermc_ecumenical_altar_mp_urbaneastern, minmay_tripent
D:2:      layout_rooms, palyth_stone_intersect
D:3:      layout_basic, uniq_crazy_yiuf_cottage

Skill      XL: |  1  2  3 |
---------------+----------+-----
Armour         | 4 |  4.2
Axes           | 3 |  3.9
Fighting       | 4 |  4.2
Dodging        | |  0.1
Shields        | |  3.7

Action                   |  1- 3 |  4- 6 || total
-------------------------+-------+-------++-------
Melee: War axe           |    79 |    15 ||    94
Invok: Renounce Religion |     1 |       ||     1
  Use: Potion            |       |     1 ||     1
Armor: Scale mail        |    54 |     6 ||    60
Dodge: Dodged            |    47 |     8 ||    55
Block: Buckler           |    19 |     2 ||    21

Table legend: (Time is in decaauts)
 A = Elapsed time spent in this place.
 B = Non-inter-level travel time spent in this place.
 C = Inter-level travel time spent in this place.
 D = Time resting spent in this place.
 E = Time spent auto-exploring this place.
 F = Levels seen in this place.
 G = Mean time per level.
                   A        B        C        D        E       F      G
               +--------+--------+--------+--------+--------+-----+--------+
         Total |   2194 |   2129 |     65 |    617 |   1150 |   3 |  731.3 |
       Dungeon |   2194 |   2129 |     65 |    617 |   1150 |   3 |  731.3 |
               +--------+--------+--------+--------+--------+-----+--------+

Top non-repeatable levels by time:
     D:2: 797 daAuts
     D:1: 763 daAuts
     D:3: 633 daAuts
